Map: Lightshade LE

Players

MaSa - Winner!

  • Race: Terran Terran

MCanning

  • Race: Protoss Protoss

Event: DreamHack SC2 Masters 2021 Fall

VOD

Have the link to the VOD?

Description

Time

  • Played on: Aug. 4, 2021, 3:53 p.m.
  • Length: 8:56

All games in this series

Show
View Real Time Build Order
Export as new Build Order

MaSa Terran - Winner!

Build Orders: Reaper Expand 

Get SALT Encoding   

  12  0:00  SCV  
  13  0:12  SCV  
  14  0:17  Supply Depot  
  14  0:24  SCV  
  15  0:38  SCV  
  15  0:40  Barracks  
  16  0:43  Refinery  
  16  0:50  SCV  
  17  1:03  SCV  
  18  1:15  SCV  
  19  1:27  Reaper, Orbital Command  
  20  1:36  Engineering Bay  
  20  1:53  Command Center  
  20  1:57  SCV  
  20  1:59  Marine  
  22  2:09  Bunker, Supply Depot  
  22  2:10  SCV  
  23  2:20  Factory  
  23  2:24  Barracks Reactor  
  23  2:30  SCV  
  24  2:38  Refinery  
  24  2:42  SCV  
  25  2:55  SCV  
  26  3:00  Marine x2  
  26  3:03  Widow Mine  
  31  3:08  Starport  
  30  3:18  Marine x2, SCV  
  33  3:25  Widow Mine  
  34  3:30  SCV  
  34  3:31  Orbital Command  
  35  3:35  Marine  
  35  3:36  Marine  
  37  3:44  SCV  
  37  3:46  Medivac  
  37  3:47  Factory Tech Lab  
  40  3:50  Supply Depot  
  40  3:56  SCV  
  40  3:57  SCV  
  40  3:58  Marine x2  
  44  4:05  Supply Depot  
  44  4:08  SCV  
  45  4:10  Barracks  
  45  4:13  Factory Tech Lab  
  45  4:18  Barracks  
  45  4:20  SCV  
  45  4:24  Raven  
  46  4:25  Marine  
  46  4:28  SCV  
  50  4:34  SCV  
  50  4:36  Refinery  
  50  4:38  Siege Tank  
  54  4:40  SCV  
  54  4:44  Supply Depot  
  55  4:46  SCV  
  55  4:47  Marine  
  55  4:52  SCV  
  58  4:57  Marine  
  58  4:59  SCV  
  60  5:03  Engineering Bay  
  60  5:04  Marine, SCV  
  60  5:06  Barracks Tech Lab  
  62  5:11  Siege Tank  
  62  5:12  SCV, Starport Reactor  
  66  5:15  Marine  
  66  5:18  Marauder  
  69  5:22  Supply Depot  
  69  5:23  Refinery, SCV  
  70  5:30  Supply Depot  
  70  5:33  Stimpack  
  70  5:44  Marine x3, SCV x2, Marauder  
  70  5:45  Terran Infantry Weapons Level 1  
  70  5:48  Supply Depot  
  77  5:55  Supply Depot  
  77  5:56  SCV x2  
  79  5:59  Siege Tank  
  79  6:01  Marine  
  79  6:02  Marauder  
  85  6:08  SCV  
  85  6:09  Medivac  
  88  6:11  SCV  
  88  6:12  Supply Depot  
  88  6:13  Marine  
  88  6:16  Medivac  
  92  6:20  Marine, Marauder  
  92  6:21  SCV  
  92  6:23  Supply Depot  
  96  6:29  Combat Shield  
  96  6:31  Marine  
  96  6:32  Marauder  
  99  6:39  SCV x2  
  101  6:41  Marauder  
  101  6:42  Medivac  
  101  6:44  Supply Depot  
  105  6:50  Marine x2  
  105  6:53  Siege Tank  
  110  7:00  SCV x2  
  112  7:02  Command Center  
  112  7:06  Marauder  
  113  7:09  Command Center  
  113  7:12  SCV  
  114  7:24  Marine  
  114  7:25  Marine, Marauder  
  114  7:26  SCV  
  114  7:27  Marauder  
  121  7:32  SCV  
  121  7:33  Siege Tank  
  121  7:36  Liberator  
  121  7:38  SCV  
  121  7:41  Concussive Shells  
  121  7:42  Marine x2  
  118  7:46  Bunker, Marauder  
  114  7:51  Marauder  
  114  7:54  SCV x2  
  114  8:00  Marine  
  113  8:08  SCV, Marauder  
  118  8:13  Marauder  
  118  8:14  Barracks  
  118  8:15  Barracks  
  110  8:23  SCV  
  110  8:24  SCV  
  112  8:29  Marine, Marauder  
  121  8:34  Marauder  
  121  8:35  SCV  
  121  8:36  SCV  
Show
View Real Time Build Order
Export as new Build Order

MCanning Protoss 

Build Orders: Blink Stalkers 

Get SALT Encoding   

  12  0:00  Probe  
  13  0:12  Probe  
  14  0:17  Pylon  
  14  0:24  Probe  
  15  0:36  Gateway, Probe (Chrono Boost)  
  16  0:47  Assimilator, Probe (Chrono Boost)  
  17  0:51  Probe (Chrono Boost)  
  18  1:03  Probe  
  19  1:15  Probe  
  20  1:27  Probe  
  20  1:29  Cybernetics Core  
  21  1:39  Probe  
  22  1:41  Pylon  
  22  1:42  Pylon  
  22  1:50  Pylon  
  22  1:51  Probe  
  25  2:03  Nexus  
  25  2:06  Adept (Chrono Boost)  
  23  2:13  Assimilator  
  25  2:17  Probe  
  25  2:19  Warp Gate  
  26  2:29  Stalker, Probe (Chrono Boost)  
  29  2:41  Probe (Chrono Boost)  
  30  2:46  Twilight Council  
  30  2:49  Probe (Chrono Boost)  
  31  2:55  Probe  
  32  3:08  Probe  
  33  3:17  Blink (Chrono Boost)  
  33  3:18  Probe  
  34  3:20  Probe  
  35  3:31  Probe (Chrono Boost)  
  37  3:35  Probe (Chrono Boost)  
  37  3:38  Gateway  
  37  3:39  Gateway  
  37  3:43  Probe (Chrono Boost)  
  37  3:47  Robotics Facility  
  37  3:48  Probe (Chrono Boost)  
  39  3:49  Probe (Chrono Boost)  
  39  3:53  Shield Battery  
  40  3:56  Probe  
  40  3:57  Probe  
  42  4:04  Pylon  
  42  4:08  Sentry, Probe  
  42  4:09  Probe  
  46  4:20  Probe  
  46  4:23  Nexus  
  47  4:25  Pylon  
  47  4:26  Probe  
  48  4:32  Stalker, Probe  
  48  4:35  Sentry  
  48  4:37  Observer  
  54  4:41  Assimilator, Probe  
  54  4:42  Stalker  
  54  4:44  Probe  
  58  4:53  Probe  
  58  4:57  Probe  
  56  5:01  Stalker x2  
  56  5:05  Probe  
  61  5:10  Probe  
  61  5:12  Charge (Chrono Boost)  
  62  5:17  Probe  
  63  5:23  Gateway x2  
  63  5:27  Observer  
  64  5:33  Gateway  
  64  5:35  Gateway, Probe  
  64  5:36  Probe  
  64  5:41  Pylon  
  64  5:42  Probe  
  67  5:46  Shield Battery  
  67  5:49  Probe  
  68  5:51  Immortal (Chrono Boost)  
  68  5:56  Probe  
  73  5:59  Stalker  
  73  6:02  Zealot  
  73  6:03  Observer  
  77  6:04  Probe  
  77  6:05  Observer  
  77  6:08  Zealot  
  80  6:12  Pylon  
  80  6:17  Pylon  
  80  6:18  Robotics Bay  
  80  6:19  Zealot  
  80  6:23  Immortal  
  86  6:28  Stalker  
  86  6:29  Stalker  
  89  6:33  Shield Battery  
  89  6:36  Zealot x2  
  93  6:43  Zealot x3  
  93  6:46  Probe  
  100  6:48  Probe  
  100  6:53  Pylon x2  
  101  6:58  Zealot x3  
  101  6:59  Zealot  
  109  7:05  Pylon  
  109  7:09  Disruptor (Chrono Boost)  
  109  7:11  Zealot x2  
  116  7:17  Zealot  
  116  7:21  Zealot x3  
  118  7:33  Zealot x2  
  118  7:34  Zealot  
  118  7:35  Disruptor (Chrono Boost)  
  116  7:39  Zealot  
  121  7:49  Zealot x3  
  113  7:57  Zealot x3  
  92  8:01  Disruptor (Chrono Boost)  
  92  8:05  Zealot  
  89  8:09  Gateway  
  89  8:10  Gateway  
  89  8:12  Zealot  
  91  8:13  Pylon  
  76  8:20  Zealot x3  
  76  8:25  Shield Battery  
  76  8:26  Disruptor (Chrono Boost)  
  67  8:29  Probe x3  
  70  8:36  Zealot x2  

Tags
 
Add a new tag
Caveats
  • Supply blocks, unpowered buildings, or Contaminate may cause inaccurate times.
  • Supply counts are checked every 10 seconds.